 Dungeon Crawl Stone Soup version 0.18.1-50-g88ac8fd (webtiles) character file.

403 Osys the Chopper (level 6, -1/56 HPs)
             Began as a Minotaur Berserker on Sept 30, 2016.
             Was an Elder of Trog.
             Slain by SexyTroll44's ghost (2 damage)
             ... on level 4 of the Dungeon.
             The game lasted 00:49:38 (3634 turns).

Osys the Chopper (Minotaur Berserker)               Turns: 3634, Time: 00:49:38

Health: -1/56      AC:  3    Str: 22    XL:     6   Next: 55%
Magic:  5/5        EV: 12    Int:  4    God:    Trog [****..]
Gold:   212        SH:  0    Dex: 11    Spells: 0 memorised, 5 levels left

rFire  . . .     SeeInvis .     a - +0 hand axe
rCold  . . .     Gourm    .     r - +0 leather armour
rNeg   . . .     Faith    .     (no shield)
rPois  .         Spirit   .     (helmet restricted)
rElec  .         Dismiss  .     (no cloak)
rCorr  .         Reflect  .     (no gloves)
SustAt .         Harm     .     (no boots)
MR     .....                    k - amulet of rage
Stlth  ++........               (no ring)
                                w - ring of stealth

@: not resistant to hostile enchantments, unstealthy
A: retaliatory headbutt, horns 2
a: Berserk, Trog's Hand, Brothers in Arms, Burn Spellbooks, Renounce Religion,
Evoke Berserk Rage


You were on level 4 of the Dungeon.
You worshipped Trog.
Trog was greatly pleased with you.
You were very hungry.

You visited 1 branch of the dungeon, and saw 4 of its levels.

You collected 212 gold pieces.

Inventory:

Hand Weapons
 a - a +0 hand axe (weapon)
Missiles
 g - 116 stones (quivered)
Armour
 r - a +0 leather armour (worn)
Jewellery
 k - an amulet of rage (around neck)
 w - a ring of stealth (left hand)
Scrolls
 b - 3 scrolls of enchant armour {unknown}
 e - a scroll of remove curse
 f - a scroll of teleportation
 h - a scroll of immolation
Potions
 c - 2 potions of cure mutation
 d - a potion of curing
 i - 2 potions of berserk rage {unknown}
 j - a potion of invisibility {unknown}
 m - 2 potions of lignification {unknown}
 n - 2 potions of heal wounds {unknown}
 o - 2 potions of might {unknown}
 s - 3 potions of degeneration {unknown}
 x - 2 potions of mutation {unknown}
Comestibles
 l - a slice of pizza
 p - a meat ration
 q - a royal jelly
 z - 7 fruits
 A - 3 bread rations


   Skills:
 + Level 5.5 Fighting
 * Level 6.9 Axes
 + Level 4.4 Armour
 - Level 2.1 Dodging


You had 5 spell levels left.
You didn't know any spells.

Dungeon Overview and Level Annotations

Branches:
Dungeon (4/15)
 Temple: D:4-7

Altars:
Okawaru
Pakellas
Ru
Yredelemnul

Annotations:
D:4 SexyTroll44's ghost, amateur CeHu


Innate Abilities, Weirdness & Mutations

You reflexively headbutt those who attack you in melee.
You have a pair of horns on your head.


Message History

The hound closely misses you. You furiously retaliate!
You headbutt the hound.
You're too hungry to go berserk.
You slash the hound!
You kill the hound!
Trog accepts your kill.
You hit SexyTroll44's ghost.
SexyTroll44's ghost is lightly damaged.
SexyTroll44's ghost hits you!
* * * LOW HITPOINT WARNING * * *
x2 It was a potion of curing.
You feel better. SexyTroll44's ghost hits you.
* * * LOW HITPOINT WARNING * * *
x2 You hit SexyTroll44's ghost.
You headbutt SexyTroll44's ghost!
SexyTroll44's ghost is heavily damaged.
SexyTroll44's ghost hits you.
* * * LOW HITPOINT WARNING * * *
x2 You hit SexyTroll44's ghost.
SexyTroll44's ghost is heavily damaged.
SexyTroll44's ghost hits you.
* * * LOW HITPOINT WARNING * * *
You die...

........# .########
.### ...# #### .#.#
#..#### ##.# ##.....
.#.# #....# #.. ...#
#.#..#..... ...#
#..@....# ...#
#.##W#### ).## #.#
.# ..#
#########.##..
.)####..........##..
........######..#
... ........#
......... ....)...#
.####..... ..#######
#. ..


You could see SexyTroll44's ghost.

Vanquished Creatures
  A vampire bat (D:3)
  2 hounds (D:4)
  Natasha (thrice) (D:2)
  A hound skeleton (D:4)
  4 adders
  An ooze (D:1)
  5 worms
  3 fire bats (D:3)
  4 giant geckos
  2 orcs
  2 spectral bats (D:3)
  2 ball pythons
  3 bat skeletons (D:3)
  A bat zombie (D:3)
  3 giant cockroaches
  7 hobgoblins
  5 jackals
  3 quokkas
  17 bats
  A bat simulacrum (D:3)
  6 giant newts
  6 goblins
  15 kobolds
  7 rats
104 creatures vanquished.

Notes
Turn   | Place    | Note
--------------------------------------------------------------
     0 | D:1      | Osys the Minotaur Berserker began the quest for the Orb.
     0 | D:1      | Reached XP level 1. HP: 19/19 MP: 0/0
   278 | D:1      | Reached XP level 2. HP: 27/27 MP: 1/1
   485 | D:1      | Reached skill level 4 in Axes
   685 | D:1      | Reached ** piety under Trog
   807 | D:1      | Reached XP level 3. HP: 31/33 MP: 2/2
  1130 | D:2      | Noticed Natasha
  1137 | D:2      | Killed Natasha
  1140 | D:2      | Reached skill level 5 in Axes
  1140 | D:2      | Reached XP level 4. HP: 40/40 MP: 3/3
  1242 | D:2      | Noticed Natasha
  1249 | D:2      | Killed Natasha
  1541 | D:2      | Noticed Natasha
  1549 | D:2      | Killed Natasha
  1549 | D:2      | Reached XP level 5. HP: 23/47 MP: 4/4
  2278 | D:3      | Reached *** piety under Trog
  2282 | D:3      | Reached skill level 6 in Axes
  2597 | D:3      | Reached skill level 5 in Fighting
  2663 | D:3      | Reached XP level 6. HP: 56/56 MP: 5/5
  2865 | D:3      | Found a basalt altar of Yredelemnul.
  2865 | D:3      | Found a sacrificial altar of Ru.
  3018 | D:3      | Reached **** piety under Trog
  3174 | D:3      | Found an oddly glowing altar of Pakellas.
  3364 | D:4      | Found an iron altar of Okawaru.
  3625 | D:4      | Noticed SexyTroll44's ghost (amateur CeHu)
  3634 | D:4      | HP: 1/56 [SexyTroll44's ghost (5)]
  3634 | D:4      | Slain by SexyTroll44's ghost

Skill      XL: |  1  2  3  4  5 |
---------------+----------------+-----
Fighting       | 4 5 |  5.5
Axes           | 4 5 6 |  6.9
Armour         | 3 4 |  4.4
Dodging        | |  2.1

Action                   |  1- 3 |  4- 6 || total
-------------------------+-------+-------++-------
Melee: Hand axe          |    58 |   177 ||   235
       Headbutt          |    10 |    25 ||    35
Throw: Stone             |     6 |    14 ||    20
Invok: Berserk           |     3 |     2 ||     5
       Trog's Hand       |     1 |     1 ||     2
 Abil: Evoke Berserk Rag |       |     2 ||     2
  Use: Scroll            |       |     9 ||     9
       Potion            |       |     1 ||     1
 Stab: Sleeping          |       |     6 ||     6
  Eat: Chunk             |     3 |     7 ||    10
       Bread ration      |       |     1 ||     1
Armor: Animal skin       |     5 |     6 ||    11
       Leather armour    |       |    45 ||    45
Dodge: Dodged            |    32 |   121 ||   153
